 Dungeon Crawl Stone Soup version 0.20-a0-850-ge5a7832 (webtiles) character file.

2589 polly the Basher (level 9, -6/82 HPs)
             Began as a Gargoyle Fighter on Mar 5, 2017.
             Was a Follower of Okawaru.
             Mangled by an earth elemental (12 damage)
             ... summoned by a deep elf mage
             ... in a bailey on Mar 10, 2017.
             The game lasted 00:08:33 (5314 turns).

polly the Basher (Gargoyle Fighter)                 Turns: 5314, Time: 00:08:33

Health: -6/82      AC: 24    Str: 25    XL:     9   Next: 58%
Magic:  9/9        EV:  2    Int: 10    God:    Okawaru [*.....]
Gold:   221        SH: 11    Dex: 11    Spells: 8/8 levels left

rFire    . . .     SeeInvis .   z - +2 whip (flame)
rCold    . . .     Gourm    .   (armour currently unavailable)
rNeg     + + +     Faith    .   c - +0 shield
rPois    ∞         Spirit   .   (helmet currently unavailable)
rElec    .         Reflect  .   (cloak currently unavailable)
rCorr    .         Harm     .   (gloves currently unavailable)
MR       +....     NoTele   +   (boots currently unavailable)
Stlth    ++........             m - amulet of regeneration
Regen    0.7/turn               (no ring)
MPRegen  0.2/turn               (no ring)

@: mighty, tree-form
A: repulsion field 1, magic resistance 1, negative energy resistance 1,
(electricity resistance), (unbreathing), petrification resistance, rot immunity,
AC +5
a: Heroism, Renounce Religion


You were in a bailey.
You worshipped Okawaru.
Okawaru was aware of your devotion.
You were not hungry.
You were a tree.
You visited 2 branches of the dungeon, and saw 10 of its levels.
You also visited: Bailey.

You collected 221 gold pieces.

Inventory:

Hand Weapons
 z - a +2 whip of flaming (weapon)
Armour
 c - a +0 shield (worn)
 j - a +0 cloak (melded)
 y - a +0 helmet (melded)
 F - the +8 chain mail "Jimioc" (melded) {*Slow rElec Str+2}
   (You found it on level 5 of the Dungeon)

   It affects your strength (+2).
   It insulates you from electricity.
   It may slow you when you take damage.
Jewellery
 e - an uncursed amulet of the gourmand
 m - an amulet of regeneration (around neck)
Wands
 E - a wand of lightning (8/15)
Scrolls
 b - a scroll of remove curse
 g - a scroll of magic mapping
 h - 2 scrolls of amnesia
 k - a scroll of fear
 o - 2 scrolls of recharging {unknown}
 p - a scroll of blinking {unknown}
 s - 4 scrolls of identify {unknown}
 u - a scroll of teleportation
 w - a scroll of enchant armour {unknown}
 A - a scroll of fog {unknown}
Potions
 d - a potion of might
 i - a potion of lignification
 l - a potion of cancellation {unknown}
 r - a potion of invisibility {unknown}
 x - a potion of mutation
 B - a potion of degeneration {unknown}
 C - a potion of brilliance {unknown}
Books
 a - a book of Maledictions

   Spells                             Type                      Level
   a - Corona                         Hexes                        1
   b - Ensorcelled Hibernation        Hexes/Ice                    2
   c - Confuse                        Hexes                        3
   d - Tukima's Dance                 Hexes                        3
   e - Dazzling Spray                 Conjuration/Hexes            3
Comestibles
 f - 3 bread rations
 n - 9 fruits
 q - 5 meat rations


   Skills:
 + Level 6.2 Fighting
 + Level 8.4 Maces & Flails
 + Level 6.1 Armour
 + Level 2.1 Dodging
 + Level 1.2 Stealth
 + Level 7.7 Shields


You had 8 spell levels left.
You didn't know any spells.

Dungeon Overview and Level Annotations

Branches:
Dungeon (9/15)             Temple (1/1) D:5            Lair (0/6) D:8
    Orc: D:9-12

Altars:
Cheibriados
Dithmenos
Fedhas
Gozag
Hepliaklqana
Kikubaaqudgha
Nemelex Xobeh
Okawaru
Qazlal
Ru
Sif Muna
Trog
Uskayaw
Vehumet
Wu Jian
Xom
Yredelemnul
Zin
The Shining One

Annotations:
D:9 BigBluFrog's ghost, journeyman FoAK


Innate Abilities, Weirdness & Mutations

You are resistant to torment.
((Your stone body is resilient. (AC +5)))
You are immune to poison.
You resist negative energy. (rN+)
((You are resistant to electric shocks. (rElec)))
((You can survive without breathing.))
You are immune to petrification.
You are immune to rotting.
You are surrounded by a mild repulsion field. (EV +2)
You are resistant to hostile enchantments. (MR+)


Message History

The deep elf mage is severely wounded.
The deep elf mage hits you but does no damage.
You hit the deep elf mage. You burn the deep elf mage.
The deep elf mage is almost dead.
You closely miss the deep elf mage.
The deep elf mage is almost dead.
The deep elf mage hits you but does no damage.
You hit the deep elf mage. You burn the deep elf mage.
The deep elf mage is almost dead.
The deep elf mage hits you but does no damage.
You hit the deep elf mage but do no damage.
The deep elf mage is almost dead.
The deep elf mage gestures wildly while chanting.
The deep elf mage blinks!
You feel very mighty all of a sudden.
You hit the earth elemental but do no damage.
You whack the earth elemental!
The earth elemental is moderately damaged.
The earth elemental hits you!
You die...

#####
######...##
##..##..∩..#
#....#.....#
#....##...##
#.♣##'####
###E..##
#§....#
#..∩..#
#.....#
##....#
#####+


You could see an earth elemental.

Vanquished Creatures
  Pikel (D:4)
  Grinder (D:4)
  Sigmund (D:4)
  Eustachio (D:4)
  A black bear (D:7)
  3 phantoms
  2 ice beasts (D:5)
  A centaur (D:6)
  2 ogres
  Blork the orc (D:6)
  2 bullfrogs
  A scorpion (D:5)
  3 wights (D:6)
  2 hounds (D:5)
  3 iguanas
  2 orc wizards
  5 worker ants
  Robin (D:3)
  9 adders
  A shadow imp (D:5)
  An ooze (D:2)
  3 worms
  5 dart slugs
  2 leopard geckos
  8 orcs
  6 bats
  4 giant cockroaches
  20 goblins
  7 hobgoblins
  6 jackals
  7 quokkas
  A ball python (D:3)
  A ball python skeleton (D:5)
  A frilled lizard (D:2)
  15 kobolds
  10 rats
  A plant (D:2)
141 creatures vanquished.

Vanquished Creatures (others)
  An orc (D:4)
  A plant (D:8)
2 creatures vanquished.

Grand Total: 143 creatures vanquished

Notes
Turn   | Place    | Note
-------+----------+-------------------------------------------
     0 | D:1      | polly the Gargoyle Fighter began the quest for the Orb.
     0 | D:1      | Reached XP level 1. HP: 14/14 MP: 1/1
   205 | D:1      | Reached XP level 2. HP: 19/19 MP: 2/2
   556 | D:1      | Upgraded the game from 0.20-a0-823-gdec668e to 0.20-a0-850-ge5a7832
   618 | D:1      | Reached XP level 3. HP: 24/24 MP: 3/3
   961 | D:2      | Reached XP level 4. HP: 28/29 MP: 4/4
  1063 | D:2      | Found a blossoming altar of Fedhas.
  1074 | D:2      | Reached skill level 3 in Maces & Flails
  1621 | D:3      | Found a faded altar of an unknown god.
  1897 | D:3      | Reached XP level 5. HP: 22/34 MP: 5/5
  2064 | D:3      | Noticed Robin
  2084 | D:3      | Killed Robin
  2221 | D:3      | Found an ornate altar of the Wu Jian Council.
  2488 | D:3      | Reached skill level 4 in Maces & Flails
  2747 | D:4      | Noticed a slave
  2747 | D:4      | Noticed a slave
  2748 | D:4      | Noticed Pikel
  2749 | D:4      | Noticed a slave
  2750 | D:4      | Noticed a slave
  2769 | D:4      | Killed Pikel
  2769 | D:4      | Reached skill level 5 in Maces & Flails
  2769 | D:4      | Reached skill level 1 in Dodging
  2769 | D:4      | Reached XP level 6. HP: 36/40 MP: 6/6
  2769 | D:4      | Reached XP level 7. HP: 39/44 MP: 7/7
  2848 | D:4      | Noticed Grinder
  2865 | D:4      | Paralysed by Grinder for 6 turns
  2876 | D:4      | Killed Grinder
  2876 | D:4      | Reached skill level 5 in Fighting
  2876 | D:4      | Reached skill level 6 in Maces & Flails
  2876 | D:4      | Reached skill level 5 in Shields
  2907 | D:4      | Found a sacrificial altar of Ru.
  3008 | D:4      | Found a blossoming altar of Fedhas.
  3008 | D:4      | Found a sparkling altar of Nemelex Xobeh.
  3026 | D:4      | Reached XP level 8. HP: 49/49 MP: 8/8
  3226 | D:4      | Noticed Sigmund
  3242 | D:4      | Killed Sigmund
  3271 | D:4      | Reached skill level 7 in Maces & Flails
  3285 | D:4      | Noticed Eustachio
  3294 | D:4      | Killed Eustachio
  3294 | D:4      | Reached skill level 5 in Armour
  3294 | D:4      | Reached skill level 1 in Stealth
  3364 | D:4      | Found a shimmering altar of Xom.
  3366 | D:4      | Found a shimmering altar of Xom.
  3366 | D:4      | Found a white marble altar of Elyvilon.
  3369 | D:4      | Found a sacrificial altar of Ru.
  3369 | D:4      | Found an opulent altar of Gozag.
  3369 | D:4      | Found a blossoming altar of Fedhas.
  3745 | D:5      | Entered Level 5 of the Dungeon
  3819 | D:5      | Found a staircase to the Ecumenical Temple.
  3932 | Temple   | Entered the Ecumenical Temple
  3985 | Temple   | Became a worshipper of Warmaster Okawaru
  4509 | D:5      | Reached XP level 9. HP: 49/55 MP: 9/9
  4765 | D:5      | Got an aquamarine-studded chain mail
  4777 | D:5      | Identified the +8 chain mail "Jimioc" {*Slow rElec Str+2} (You found it on level 5 of the Dungeon)
  4840 | D:6      | Noticed Blork the orc
  4858 | D:6      | Killed Blork the orc
  4858 | D:6      | Reached * piety under Okawaru
  4858 | D:6      | Reached skill level 8 in Maces & Flails
  4978 | D:6      | You fall through a shaft for 3 floors!
  4978 | D:9      | Noticed BigBluFrog's ghost (journeyman FoAK)
  5006 | D:9      | Noticed a two-headed ogre
  5039 | D:9      | Found a hide-covered altar of Uskayaw.
  5071 | D:8      | Found a staircase to the Lair.
  5071 | D:8      | Noticed a komodo dragon
  5155 | D:7      | Found a flagged portal.
  5225 | Bailey   | Entered a bailey
  5233 | Bailey   | Noticed a deep elf mage
  5305 | Bailey   | Gained mutation: You have a pair of small horns on your head. [potion of mutation]
  5305 | Bailey   | Gained mutation: You are resistant to hostile enchantments. (MR+) [potion of mutation]
  5305 | Bailey   | Lost mutation: You have a pair of small horns on your head. [potion of mutation]
  5305 | Bailey   | Gained mutation: You are surrounded by a mild repulsion field. (EV +2) [potion of mutation]
  5305 | Bailey   | HP: 2/82 [deep elf mage/stone arrow (4)]
  5314 | Bailey   | Mangled by an earth elemental

Vault maps used:
D:1:      ncdulo_smallfort
D:2:      serial_forest, infiniplex_forest_clump_medium,
          infiniplex_forest_zigzag_1, infiniplex_forest_corner_1,
          infiniplex_forest_end_1, infiniplex_forest_straight_4,
          infiniplex_forest_straight_2, infiniplex_forest_clump_tiny,
          infiniplex_forest_clump_diagonal, fedhas_altar_2
D:3:      corexii_shack_village, overflow_temple_1_default,
          chequers_ecumenical_altar_simple, uniq_robin
D:4:      nicolae_ru_awakened_eye, doesnt_xom_only_xom,
          chequers_temple_overflow_statue_of_worship, first_bread,
          uniq_eustachio, uniq_pikel, uniq_sigmund, uniq_grinder
D:5:      temple_statues
D:6:      cheibrodos_two_vegetables, uniq_blork_the_orc, uniq_prince_ribbit1
D:7:      lemuel_upstairs_altar, enter_bailey_3, serial_shops, shop
D:8:      elyvilon_altar_4, david_lair_shrubbed
D:9:      nicolae_ashenzari_panopticon, lemuel_crystal_altar,
          kennysheep_orc_monster_closet_entryway, basic_altar,
          hangedman_little_slice_of_home
Temple:   eino_temple_water
Bailey:   bailey_polearm_3, bailey

Skill      XL: |  1  2  3  4  5  6  7  8  9 |
---------------+----------------------------+-----
Fighting       | 4 5 6 |  6.2
Maces & Flails | 3 5 6 7 8 |  8.4
Shields        | 4 5 6 7 |  7.7
Dodging        | 1 2 |  2.1
Armour         | 4 5 6 |  6.1
Stealth        | 1 |  1.2

Action                   |  1- 3 |  4- 6 |  7- 9 || total
-------------------------+-------+-------+-------++-------
Melee: Flail             |   100 |   185 |       ||   285
       Whip              |       |       |   493 ||   493
  Use: Scroll            |       |     7 |     1 ||     8
       Potion            |       |       |     6 ||     6
  Eat: Chunk             |       |     6 |     5 ||    11
       Bread ration      |       |       |     1 ||     1
       Royal jelly       |       |       |     1 ||     1
Armor: Scale mail        |    45 |    71 |       ||   116
       Chain mail        |       |    13 |   247 ||   260
       Skin              |       |       |     4 ||     4
Dodge: Dodged            |    33 |    54 |   116 ||   203
Block: Shield            |    38 |    70 |   215 ||   323
